 Dungeon Crawl Stone Soup version 0.25-a0-667-gb977e01cb5 (webtiles) character file.

Game seed: 8291498765936580828, levelgen mode: deterministic

98 sanka the Scratcher (level 4, 19/19 HPs)
             Began as a Felid Wanderer on Mar 27, 2020.
             Quit the game on level 4 of the Dungeon.
             The game lasted 00:08:02 (4978 turns).

sanka the Scratcher (Felid Wanderer)                Turns: 4978, Time: 00:08:02

Health: 19/19      AC:  1    Str:  8    XL:     4   Next: 44%
Magic:  6/6        EV: 18    Int: 14    God:
Gold:   139        SH:  0    Dex: 16    Spells: 5/5 levels left
                                        Lives:  0   Deaths: 1

rFire    . . .     SeeInvis +     - Unarmed
rCold    . . .     Gourm    .   (shield unavailable)
rNeg     + . .     Faith    .   (armour unavailable)
rPois    +         Spirit   .   (helmet unavailable)
rElec    .         Reflect  .   (cloak unavailable)
rCorr    .         Harm     .   (gloves unavailable)
MR       .....                  (boots unavailable)
Stlth    ++........             (no amulet)
HPRegen  0.06/turn              m - ring of Merez {rPois rN+}
MPRegen  0.10/turn              (no ring)

@: quick
A: very small, no armour, no weapons or thrown items, stealth, claws 1, fangs 3,
see invisible, carnivore, speed 1, shaggy fur 1, slow metabolism 1, sharp paws
a: no special abilities


You were on level 4 of the Dungeon.
You were not hungry.

You visited 1 branch of the dungeon, and saw 4 of its levels.

You collected 139 gold pieces.


Innate Abilities, Weirdness & Mutations

You cannot wear armour.
You are incapable of wielding weapons or throwing items.
Your paws allow you to move quietly. (Stealth)
You have sharp claws.
You have razor-sharp teeth.
You have supernaturally acute eyesight. (SInv)
You are carnivorous and can eat meat at any time.
You cover ground quickly.
You are covered in fur. (AC +1)
You have a slow metabolism.
Your sharp claws are effective at attacking unaware monsters.


   Skills:
 - Level 2.0 Fighting
 - Level 2.6 Dodging
 - Level 1.3 Stealth
 * Level 5.3 Unarmed Combat
 - Level 1.0 Spellcasting
   Level 1.5 Hexes
   Level 1.5 Translocations
 - Level 2.1 Evocations


You had 5 spell levels left.
You didn't know any spells.
Your spell library was empty.

Inventory:

Jewellery
 i - a cursed ring of teleportation {unknown}
 m - the ring of Merez (left paw) {rPois rN+}

   [ring of poison resistance]

   It protects you from poison.
   It protects you from negative energy.
Wands
 b - a wand of random effects (15)
Scrolls
 d - 7 scrolls of identify {unknown}
 e - 7 scrolls of amnesia {unknown}
 g - 3 scrolls of remove curse {unknown}
 k - a scroll of teleportation {unknown}
 l - a scroll of magic mapping {unknown}
 n - a scroll of enchant weapon {unknown}
Potions
 a - 4 potions of curing {@q1}
 f - 2 potions of heal wounds {@q2}
 h - 2 potions of flight {unknown}
 j - a potion of cancellation {unknown}
Comestibles
 c - 4 rations

Dungeon Overview and Level Annotations

Branches:
Dungeon (4/15)
 Temple: D:4-7

Altars:
Ashenzari
Cheibriados
Dithmenos
Elyvilon
Gozag
Nemelex Xobeh
Qazlal
Trog
Wu Jian
Xom
The Shining One

....▒ ▒▒...▒▒.......▒
..oo▒▒▒▒▒.....▒▒.▒.▒▒.▒
..o....▒.......▒.▒.▒▒.▒
..........._.....▒.▒▒.▒
.▒▒....▒.......▒.▒.▒▒o▒
▒▒▒.▒▒.▒▒.....▒▒.▒.▒▒†▒
. ▒. ▒.▒▒▒...▒▒▒▒▒.▒▒.▒
.▒▒.▒▒.▒ ▒▒.▒▒...▒.▒..▒
.....▒.▒ ▒.▒.▒▒h▒.▒.▒▒
.....▒.▒▒▒▒........▒.▒
.....▒...........▒▒▒.▒
......▒▒▒▒▒▒[▒.......▒
....▒.▒ ▒<.▒.▒▒▒▒▒▒▒
....▒<▒ ▒....▒▒▒▒▒▒▒
....▒▒▒ ▒▒.▒........▒
.... ▒▒..▒..▒▒▒▒▒.▒▒
.... ▒▒..▒▒▒..▒▒ ▒..▒


There were no monsters in sight!


Message History

There is an open door here.
There is an open door here.
The orc wizard shouts!
The orc wizard is too close now for your liking.
You scratch the orc wizard.
The orc wizard is lightly wounded.
The orc wizard casts a spell at you. The magic dart hits you!
You scratch the orc wizard.
The orc wizard is lightly wounded.
The orc wizard gestures at you while chanting.
The puff of flame hits you!
* * * LOW HITPOINT WARNING * * *
You scratch the orc wizard but do no damage.
The orc wizard is lightly wounded.
You closely miss the orc wizard.
You bite the orc wizard, but do no damage.
The orc wizard is lightly wounded.
The orc wizard hits you with a +0 dagger.
* * * LOW HITPOINT WARNING * * *
You closely miss the orc wizard.
The orc wizard is lightly wounded.
The orc wizard points at you and mumbles some strange words.
The magic dart hits you!
You die...
You are now level 4!
You rejoin the land of the living...
Unknown command.
Unknown command.
Are you sure you want to abandon this character and quit the game? (Confirm with "yes".)

Action                   |  1- 3 |  4- 6 || total
-------------------------+-------+-------++-------
Melee: Unarmed           |    94 |   151 ||   245
       Bite              |     7 |    23 ||    30
       Punch             |       |     1 ||     1
 Stab: Sleeping          |     8 |     3 ||    11
       Distracted        |     1 |       ||     1
  Eat: Chunk             |     9 |     6 ||    15
Armor: Skin              |     5 |       ||     5
Dodge: Dodged            |    62 |   103 ||   165

Levels and vault maps discovered:
D:1:      scummos_arrival_hexagon, layout_loops_ring
D:2:      layout_basic, nicolae_overflow_quartered_altars, lemuel_doored_altar
D:3:      layout_loops_ring, nicolae_dithmenos_through_a_glass_darkly,
          marbit_many_paths, nicolae_overflow_crystal_walls,
          lemuel_coloured_pillars_altar, chequers_ecumenical_altar_simple
D:4:      layout_basic, lemuel_round_altar, tso_metal_star, first_ration,
          skrybe_limestone_x, minivault_11

Notes
Turn   | Place    | Note
-------+----------+-------------------------------------------
     0 | D:1      | sanka the Felid Wanderer began the quest for the Orb.
     0 | D:1      | sanka set off with the following items: a potion of curing
                  | {@q1}, a wand of random effects (15), a ration
     0 | D:1      | Reached XP level 1. HP: 9/9 MP: 3/3
   171 | D:1      | Reached skill level 1 in Unarmed Combat
   284 | D:1      | Reached XP level 2. HP: 9/13 MP: 4/4
   483 | D:1      | Reached skill level 2 in Unarmed Combat
   882 | D:2      | Reached XP level 3. HP: 6/16 MP: 5/5
  1076 | D:1      | Reached skill level 3 in Unarmed Combat
  1806 | D:2      | Found a shattered altar of Ashenzari.
  1916 | D:2      | Reached XP level 4. HP: 18/19 MP: 6/6
  2048 | D:2      | Found a snail-covered altar of Cheibriados.
  2072 | D:2      | Found a bloodstained altar of Trog.
  2083 | D:2      | Found an opulent altar of Gozag.
  2097 | D:2      | Found a shimmering altar of Xom.
  2487 | D:3      | Reached skill level 4 in Unarmed Combat
  2588 | D:3      | Found a white marble altar of Elyvilon.
  3228 | D:3      | Found a sparkling altar of Nemelex Xobeh.
  3275 | D:3      | Found a shadowy altar of Dithmenos.
  3285 | D:3      | Reached XP level 5. HP: 13/22 MP: 7/7
  3412 | D:3      | Found a faded altar of an unknown god.
  3836 | D:3      | Found an ornate altar of the Wu Jian Council.
  4032 | D:4      | Found a stormy altar of Qazlal.
  4046 | D:4      | Reached skill level 5 in Unarmed Combat
  4364 | D:4      | Got a crude bronze ring
  4365 | D:4      | Identified the ring of Merez {rPois rN+} (You found it on
                  | level 4 of the Dungeon)
  4399 | D:4      | Noticed a phantom
  4834 | D:4      | Found a glowing golden altar of the Shining One.
  4977 | D:4      | Killed from afar by an orc wizard
  4978 | D:4      | Reached XP level 4. HP: -4/19 MP: 6/6
  4978 | D:4      | Quit the game

Vanquished Creatures
  A killer bee zombie (D:4)
  A gnoll (D:3)
  6 adders
  4 worms
  3 dart slugs
  3 leopard geckos (D:2)
  15 orcs
  2 ball pythons
  2 giant cockroaches
  9 goblins
  4 hobgoblins
  2 jackals (D:1)
  3 kobolds (D:1)
  4 quokkas
  5 bats
  4 frilled lizards
  8 rats
76 creatures vanquished.
